 Dungeon Crawl Stone Soup version 0.28.0-62-gf88900778d (webtiles) character file.

Game seed: 7145786830265918650

32 Qrupt the Digger (level 3, -1/21 HPs)
             Began as an Octopode Earth Elementalist on Oct 20, 2023.
             Slain by Terence
             ... wielding a +0 short sword
              (5 damage)
             ... on level 2 of the Dungeon.
             The game lasted 00:03:08 (1279 turns).

Qrupt the Digger (Octopode Earth Elementalist)      Turns: 1279, Time: 00:03:08

Health: -1/21      AC:  1    Str:  7    XL:     3   Next: 27%
Magic:  5/6        EV: 13    Int: 19    God:
Gold:   30         SH:  0    Dex: 12    Spells: 5/6 levels left

rFire   + . .      SeeInvis .   a - +0 trident
rCold   + . .      Faith    .   (no shield)
rNeg    . . .      Spirit   .   (helmet restricted)
rPois   +          Reflect  .   (no amulet)
rElec   +          Harm     .   (no ring)
rCorr   +          Rampage  .   (no ring)
Will    .....                   (no ring)
Stlth   +++.......              (no ring)
HPRegen 0.07/turn               (no ring)
MPRegen 0.10/turn               (no ring)
                                (no ring)
                                (no ring)

@: resistant, attractive
A: almost no armour, amphibious, 8 rings, camouflage 1, gelatinous body 1,
(nimble swimmer 1), tentacles
a: no special abilities


You were on level 2 of the Dungeon.
You visited 1 branch of the dungeon, and saw 2 of its levels.

You collected 30 gold pieces.

Inventory:

Hand Weapons
 a - a +0 trident (weapon)
Missiles
 b - 30 stones
 c - 2 throwing nets
Potions
 e - a potion of attraction


   Skills:
 + Level 2.2 Dodging
 + Level 3.2 Stealth
 + Level 2.2 Spellcasting
 + Level 1.5 Transmutations
 * Level 3.4 Earth Magic


You had 5 spell levels left.
You knew the following spells:

 Your Spells              Type           Power      Damage    Failure   Level
a - Sandblast             Erth           30%        2d9       4%          1

Your spell library contained the following spells:

 Spells                   Type           Power      Damage    Failure   Level
 Passwall                 Tmut/Erth      9%         N/A       9%          2
 Stone Arrow              Conj/Erth      16%        3d8       24%         3
 Petrify                  Tmut/Erth      11%        N/A       50%         4


Dungeon Overview and Level Annotations

Branches:
Dungeon (2/15)

Altars:

Shops:
D:2 [[

Annotations:
D:2 Terence


Innate Abilities, Weirdness & Mutations

You cannot wear most types of armour.
You are amphibious.
You can wear up to eight rings at the same time.
Your skin changes colour to match your surroundings (Stealth+).
Your rubbery body absorbs attacks. (AC +1, EV +1)
((You are camouflaged when in or above water. (Stealth+)))
You have tentacles for arms and can constrict up to eight enemies at once.


Message History

You reach to attack!
The helpless Terence fails to defend himself.
You hit Terence but do no damage. Terence hits you with a +0 short sword.
Casting: Sandblast (safe; 4% risk of failure)
Confirm with . or Enter, or press ? or * to list all spells.
Aiming: Sandblast (safe; 4% risk of failure)
Press: ? - help, Shift-Dir - straight line, f/p - Terence
Aim: Terence, wielding a +0 short sword and wearing a +0 chain mail (85% to hit)
The blast of sand hits Terence but does no damage.
Terence completely misses you.
Casting: Sandblast (safe; 4% risk of failure)
Confirm with . or Enter, or press ? or * to list all spells.
Aiming: Sandblast (safe; 4% risk of failure)
Press: ? - help, Shift-Dir - straight line, f/p - Terence
Aim: Terence, wielding a +0 short sword and wearing a +0 chain mail (85% to hit)
You miscast Sandblast.
You are very lightly contaminated with residual magic.
Nothing appears to happen.
Terence hits you with a +0 short sword.
Terence asks, "Do you want it fast or slow?"
You see here a bat corpse.
It was a potion of attraction.
You feel attractive to monsters. Terence closely misses you.
Your magical contamination has completely faded away.
Casting: Sandblast (safe; 4% risk of failure)
Confirm with . or Enter, or press ? or * to list all spells.
Aiming: Sandblast (safe; 4% risk of failure)
Press: ? - help, Shift-Dir - straight line, f/p - Terence
Aim: Terence, wielding a +0 short sword and wearing a +0 chain mail (85% to hit)
The blast of sand hits Terence but does no damage.
Terence hits you with a +0 short sword!
* * * LOW HITPOINT WARNING * * *
It was a potion of resistance.
You feel protected. Terence completely misses you.
As you read the scroll labelled YNESKECVUSK, it crumbles to dust.
It is a scroll of enchant armour.
You aren't carrying any armour which can be enchanted further.
Terence hits you with a +0 short sword.
You die...

#.#.##.....#...#.#.....#
#. #.##..#.......##+##
#....##..#####..##
#.#####....#....#
#........#.#.##.#
#.##..#..#.#.##.# #.
#..#....#....#
#####.######## #....@@.#
#######.#
#############.#
#...†.........#
#.#############
#......$# ####....#
######


You could see Terence.

Vanquished Creatures
  A worm (D:2)
  4 bats
  An endoplasm (D:1)
  2 goblins (D:1)
  2 hobgoblins (D:2)
  7 jackals (D:1)
  2 quokkas (D:1)
  A frilled lizard (D:2)
  3 kobolds (D:1)
  2 rats (D:1)
25 creatures vanquished.

Notes
Turn   | Place    | Note
-------+----------+-------------------------------------------
     0 | D:1      | Qrupt the Octopode Earth Elementalist began the quest for
                  | the Orb.
     0 | D:1      | Reached XP level 1. HP: 11/11 MP: 3/3
    99 | D:1      | Reached XP level 2. HP: 17/17 MP: 5/5
   884 | D:1      | Found a faded altar of an unknown god.
  1108 | D:2      | Found Vadded's Antique Armour Shop.
  1112 | D:2      | Found Wouluop's Antique Armour Boutique.
  1121 | D:2      | Reached XP level 3. HP: 18/21 MP: 6/6
  1256 | D:2      | Noticed Terence
  1279 | D:2      | Slain by Terence

Illustrated notes

Levels and vault maps discovered:
D:1:      psy_arrival_dodecagon, layout_loops_ring,
          shapermc_ecumenical_altar_acropolis
D:2:      layout_basic, serial_shops, nicolae_shop_statue_plus, shop,
          shop_fountains, nicolae_shop_advertising_works
          [nicolae_subvault_shop_adworks], minivault_27, uniq_terence,
          uniq_crazy_yiuf_cottage

Skill      XL: |  1  2 |
---------------+-------+-----
Stealth        | 3 |  3.2
Dodging        | |  2.2
Spellcasting   | |  2.2
Transmutations | |  1.5
Earth Magic    | |  3.4

Action                   || total
-------------------------++-------
Melee: Trident           ||    55
       Constrict         ||     9
       Tentacles         ||     8
 Cast: Sandblast         ||     2
  Use: Potion            ||     2
       Scroll            ||     1
 Stab: Sleeping          ||    12
       Distracted        ||     2
Dodge: Dodged            ||    30
